[ AOE2 MATCH · #471597592 ]
Team RMFranks vs Wei
[ REPLAY ANALYSIS · EXTRACTED FROM THE RECORDED GAME ]
Feudal
10:32
Castle
14:52
Imperial
29:43
| APM avg | 29.4 |
| APM peak | 64 |
| eAPM avg | 23.3 |
| Villagers / military | 175 / 235 |
Focus
⚔️ 34.8% · 🌾 65.2%
Knight ×152 · Spearman ×71 · Trebuchet (Packed) ×6 · Monk ×4 · Petard ×2
Feudal
10:56
Castle
15:10
Imperial
29:39
| APM avg | 40.2 |
| APM peak | 83 |
| eAPM avg | 24.0 |
| Villagers / military | 148 / 206 |
Focus
⚔️ 28.1% · 🌾 71.9%
Spearman ×155 · Hand Cannoneer ×34 · Bombard Cannon ×13 · Trebuchet (Packed) ×3 · Monk ×1
Feudal
11:27
Castle
15:39
Imperial
29:12
| APM avg | 34.4 |
| APM peak | 74 |
| eAPM avg | 19.4 |
| Villagers / military | 149 / 92 |
Focus
⚔️ 29.7% · 🌾 70.3%
Elephant Archer ×75 · Skirmisher ×10 · Ratha (Ranged) ×5 · Trebuchet (Packed) ×2
Feudal
11:13
Castle
15:03
Imperial
29:18
| APM avg | 41.5 |
| APM peak | 74 |
| eAPM avg | 27.3 |
| Villagers / military | 149 / 198 |
Focus
⚔️ 19.1% · 🌾 80.9%
Camel Scout ×94 · Scout Cavalry ×40 · Skirmisher ×36 · Hand Cannoneer ×25 · Trebuchet (Packed) ×3
Feudal
9:46
Castle
21:33
Imperial
35:12
| APM avg | 23.2 |
| APM peak | 67 |
| eAPM avg | 16.9 |
| Villagers / military | 134 / 36 |
Focus
⚔️ 31.2% · 🌾 68.8%
Unknown (1952) ×25 · Unknown (1944) ×13 · Spearman ×11 · Battering Ram ×6 · Scout Cavalry ×5 · Militia ×4
Feudal
10:33
Castle
14:42
Imperial
34:31
| APM avg | 23.9 |
| APM peak | 51 |
| eAPM avg | 13.4 |
| Villagers / military | 84 / 273 |
Focus
⚔️ 39.9% · 🌾 60.1%
Longbowman ×273
Feudal
10:57
Castle
14:35
Imperial
28:23
| APM avg | 52.2 |
| APM peak | 113 |
| eAPM avg | 26.3 |
| Villagers / military | 167 / 200 |
Focus
⚔️ 23.3% · 🌾 76.7%
Knight ×96 · Spearman ×89 · Trebuchet (Packed) ×7 · Hand Cannoneer ×4 · Monk ×3 · Scout Cavalry ×1
Feudal
10:29
Castle
14:11
Imperial
27:52
| APM avg | 41.3 |
| APM peak | 95 |
| eAPM avg | 24.1 |
| Villagers / military | 145 / 76 |
Focus
⚔️ 27.2% · 🌾 72.8%
Mangudai ×41 · Battering Ram ×16 · Mangonel ×15 · Trebuchet (Packed) ×3 · Monk ×1
Match map
Initial resources + every placement click. Lines = walls · curves = elevation contours. ◆ gold · ⬟ stone · ● berries · ✦ relic · ◌ wall gap
Your base· ✓ Closed at 14:52 · 0t walls · 3 gate(s)
[RPTea] Starscream's base· ✓ Closed at 15:10 · 0t walls · 3 gate(s)
Builder's base· ✓ Closed at 15:39 · 0t walls · 2 gate(s)
生米成熟饭's base· ✓ Closed at 15:03 · 0t walls · 2 gate(s)
PeacefulFarmer's base· ✓ Closed at 21:33 · 23t walls · 5 gate(s)
[Fx、]AirWy's base· ✓ Closed at 14:42 · 0t walls · 1 gate(s)
卑牧之's base· ✓ Closed at 14:35 · 0t walls · 2 gate(s)
[Fx、]AirDk's base· ✓ Closed at 14:11 · 0t walls · 3 gate(s)
Smoothed initial terrain · ◌ = detected wall gap · hover for details
Inputs per minute
— GERIGON - - [RPTea] Starscream
Build order — GERIGON
First 150 of 617 actions detected
| 0:02 | Create | Villager (Male) |
| 0:02 | Create | Villager (Male) |
| 0:02 | Create | Villager (Male) |
| 0:02 | Create | Villager (Male) |
| 0:02 | Create | Villager (Male) |
| 0:03 | Build | House |
| 0:05 | Build | House |
| 1:35 | Create | Villager (Male) |
| 1:35 | Create | Villager (Male) |
| 1:45 | Build | Lumber Camp |
| 2:04 | Create | Villager (Male) |
| 2:05 | Create | Villager (Male) |
| 2:27 | Create | Villager (Male) |
| 2:50 | Create | Villager (Male) |
| 2:57 | Create | Villager (Male) |
| 2:57 | Create | Villager (Male) |
| 3:01 | Build | House |
| 3:02 | Build | House |
| 3:07 | Build | House |
| 3:31 | Build | House |
| 3:32 | Build | House |
| 3:33 | Create | Villager (Male) |
| 3:34 | Create | Villager (Male) |
| 4:11 | Create | Villager (Male) |
| 4:11 | Create | Villager (Male) |
| 4:12 | Create | Villager (Male) |
| 5:00 | Create | Villager (Male) |
| 5:00 | Create | Villager (Male) |
| 5:01 | Create | Villager (Male) |
| 5:01 | Create | Villager (Male) |
| 5:02 | Create | Villager (Male) |
| 5:03 | Create | Villager (Male) |
| 5:44 | Build | Mill |
| 5:45 | Create | Villager (Male) |
| 5:45 | Create | Villager (Male) |
| 7:02 | Create | Villager (Male) |
| 7:22 | Build | Mill |
| 7:24 | Create | Villager (Male) |
| 7:44 | Create | Villager (Male) |
| 8:02 | Build | Mining Camp |
| 8:21 | Research | Feudal Age |
| 8:47 | Create | Villager (Male) |
| 8:48 | Create | Villager (Male) |
| 9:01 | Create | Villager (Male) |
| 9:40 | Build | Barracks |
| 10:32 | Age | Feudal Age |
| 10:35 | Build | Stable |
| 11:35 | Create | Villager (Male) |
| 11:44 | Build | Blacksmith |
| 12:07 | Research | Castle Age |
| 12:26 | Research | Double-Bit Axe |
| 12:26 | Research | Double-Bit Axe |
| 12:33 | Build | Lumber Camp |
| 12:59 | Build | Farm |
| 13:00 | Build | Farm |
| 13:27 | Build | Farm |
| 13:54 | Research | Wheelbarrow |
| 14:46 | Build | House |
| 14:52 | Age | Castle Age |
| 14:56 | Build | Monastery |
| 15:04 | Build | Town Center |
| 15:14 | Create | Villager (Male) |
| 15:15 | Create | Villager (Male) |
| 15:41 | Create | Monk |
| 15:41 | Create | Monk |
| 15:42 | Create | Monk |
| 15:59 | Build | Town Center |
| 16:11 | Create | Villager (Male) |
| 16:11 | Create | Villager (Male) |
| 16:12 | Create | Villager (Male) |
| 16:18 | Build | Farm |
| 16:20 | Build | Farm |
| 16:23 | Build | Farm |
| 16:26 | Create | Villager (Male) |
| 16:39 | Create | Villager (Male) |
| 16:55 | Create | Villager (Male) |
| 17:21 | Create | Villager (Male) |
| 17:28 | Create | Villager (Male) |
| 17:28 | Create | Villager (Male) |
| 17:28 | Create | Villager (Male) |
| 17:29 | Create | Villager (Male) |
| 17:34 | Build | Farm |
| 17:36 | Build | Farm |
| 17:38 | Build | Farm |
| 17:40 | Build | Farm |
| 17:42 | Build | Farm |
| 17:43 | Create | Villager (Male) |
| 17:54 | Create | Villager (Male) |
| 17:54 | Create | Villager (Male) |
| 17:57 | Build | Farm |
| 17:58 | Build | Farm |
| 18:15 | Create | Villager (Male) |
| 18:15 | Create | Villager (Male) |
| 18:20 | Create | Villager (Male) |
| 18:29 | Build | Town Center |
| 18:31 | Create | Villager (Male) |
| 18:31 | Create | Villager (Male) |
| 18:32 | Create | Villager (Male) |
| 18:39 | Build | House |
| 18:40 | Build | House |
| 18:41 | Build | House |
| 18:45 | Create | Villager (Male) |
| 18:54 | Create | Villager (Male) |
| 18:57 | Build | Farm |
| 19:03 | Create | Villager (Male) |
| 19:11 | Build | Farm |
| 19:14 | Create | Villager (Male) |
| 19:14 | Create | Villager (Male) |
| 19:36 | Create | Villager (Male) |
| 19:36 | Create | Villager (Male) |
| 19:36 | Create | Villager (Male) |
| 19:41 | Build | Farm |
| 19:50 | Build | Farm |
| 19:51 | Build | Farm |
| 19:55 | Create | Villager (Male) |
| 19:55 | Create | Villager (Male) |
| 19:56 | Create | Villager (Male) |
| 20:05 | Build | Town Center |
| 20:07 | Create | Villager (Male) |
| 20:07 | Create | Villager (Male) |
| 20:08 | Create | Villager (Male) |
| 20:15 | Build | House |
| 20:17 | Build | House |
| 20:19 | Build | House |
| 20:20 | Build | House |
| 20:21 | Build | House |
| 20:23 | Build | House |
| 20:24 | Create | Villager (Male) |
| 20:24 | Create | Villager (Male) |
| 20:28 | Build | Farm |
| 20:29 | Create | Villager (Male) |
| 20:29 | Create | Villager (Male) |
| 20:32 | Build | Farm |
| 20:37 | Build | Farm |
| 20:40 | Create | Villager (Male) |
| 20:41 | Create | Villager (Male) |
| 20:42 | Build | Farm |
| 20:43 | Create | Villager (Male) |
| 20:47 | Create | Villager (Male) |
| 20:47 | Create | Villager (Male) |
| 20:59 | Create | Spearman |
| 21:07 | Create | Villager (Male) |
| 21:08 | Create | Villager (Male) |
| 21:08 | Create | Villager (Male) |
| 21:15 | Create | Monk |
| 21:16 | Create | Villager (Male) |
| 21:16 | Create | Villager (Male) |
| 21:21 | Build | Farm |
| 21:23 | Build | Farm |
| 21:23 | Create | Villager (Male) |
Build order — [RPTea] Starscream
First 150 of 428 actions detected
| 0:00 | Create | Villager (Male) |
| 0:01 | Create | Villager (Male) |
| 0:01 | Create | Villager (Male) |
| 0:02 | Build | House |
| 0:03 | Build | House |
| 0:35 | Create | Villager (Male) |
| 1:25 | Create | Villager (Male) |
| 1:44 | Build | Lumber Camp |
| 1:56 | Create | Villager (Male) |
| 2:27 | Create | Villager (Male) |
| 2:51 | Create | Villager (Male) |
| 3:11 | Create | Villager (Male) |
| 3:24 | Build | House |
| 3:36 | Create | Villager (Male) |
| 4:02 | Create | Villager (Male) |
| 4:13 | Build | Mill |
| 4:23 | Create | Villager (Male) |
| 4:48 | Create | Villager (Male) |
| 4:56 | Research | Double-Bit Axe |
| 5:14 | Create | Villager (Male) |
| 5:42 | Create | Villager (Male) |
| 6:02 | Create | Villager (Male) |
| 6:17 | Build | House |
| 6:25 | Create | Villager (Male) |
| 6:54 | Build | Mill |
| 7:00 | Create | Villager (Male) |
| 7:18 | Create | Villager (Male) |
| 7:23 | Research | Horse Collar |
| 7:26 | Build | Farm |
| 7:50 | Create | Villager (Male) |
| 7:56 | Build | Farm |
| 8:13 | Create | Villager (Male) |
| 8:30 | Build | Mining Camp |
| 8:41 | Research | Feudal Age |
| 9:09 | Build | House |
| 9:48 | Create | Villager (Male) |
| 9:48 | Create | Villager (Male) |
| 10:56 | Age | Feudal Age |
| 11:00 | Build | Market |
| 11:01 | Build | Blacksmith |
| 11:31 | Create | Villager (Male) |
| 11:35 | Build | Farm |
| 11:38 | Build | Farm |
| 12:30 | Research | Castle Age |
| 12:30 | Research | Castle Age |
| 12:41 | Build | House |
| 13:10 | Build | Lumber Camp |
| 13:17 | Build | Farm |
| 13:19 | Build | Farm |
| 13:21 | Build | Farm |
| 13:30 | Research | Bow Saw |
| 13:30 | Research | Bow Saw |
| 13:32 | Research | Heavy Plow |
| 14:21 | Create | Villager (Male) |
| 15:10 | Age | Castle Age |
| 15:13 | Build | Town Center |
| 15:27 | Create | Villager (Male) |
| 15:49 | Create | Villager (Male) |
| 16:08 | Build | Town Center |
| 16:15 | Create | Villager (Male) |
| 16:16 | Create | Villager (Male) |
| 16:16 | Create | Villager (Male) |
| 16:29 | Build | Farm |
| 16:38 | Create | Villager (Male) |
| 16:43 | Build | Farm |
| 16:52 | Build | Farm |
| 16:55 | Build | Farm |
| 16:57 | Create | Villager (Male) |
| 16:57 | Create | Villager (Male) |
| 17:09 | Build | Farm |
| 17:10 | Build | Farm |
| 17:11 | Build | Farm |
| 17:14 | Create | Villager (Male) |
| 17:15 | Create | Villager (Male) |
| 17:25 | Build | Farm |
| 17:26 | Build | Farm |
| 17:28 | Create | Villager (Male) |
| 17:28 | Create | Villager (Male) |
| 17:28 | Create | Villager (Male) |
| 17:29 | Create | Villager (Male) |
| 17:36 | Build | Farm |
| 17:40 | Create | Villager (Male) |
| 17:40 | Create | Villager (Male) |
| 17:49 | Build | House |
| 17:50 | Build | House |
| 17:50 | Build | House |
| 17:55 | Research | Wheelbarrow |
| 18:10 | Create | Villager (Male) |
| 18:11 | Create | Villager (Male) |
| 18:46 | Build | Town Center |
| 18:48 | Create | Villager (Male) |
| 18:48 | Create | Villager (Male) |
| 18:51 | Build | Farm |
| 18:51 | Build | Farm |
| 18:51 | Build | Farm |
| 19:00 | Create | Villager (Male) |
| 19:00 | Create | Villager (Male) |
| 19:00 | Create | Villager (Male) |
| 19:04 | Build | Farm |
| 19:18 | Research | Two-Man Saw |
| 19:19 | Research | Two-Man Saw |
| 19:22 | Create | Villager (Male) |
| 19:23 | Create | Villager (Male) |
| 19:28 | Build | House |
| 19:28 | Build | House |
| 19:43 | Build | Farm |
| 19:50 | Build | Farm |
| 19:51 | Create | Villager (Male) |
| 19:51 | Create | Villager (Male) |
| 19:51 | Create | Villager (Male) |
| 20:04 | Create | Villager (Male) |
| 20:04 | Create | Villager (Male) |
| 20:09 | Create | Villager (Male) |
| 20:09 | Create | Villager (Male) |
| 20:09 | Create | Villager (Male) |
| 20:14 | Build | Farm |
| 20:14 | Build | Farm |
| 20:15 | Build | Farm |
| 20:15 | Build | Farm |
| 20:20 | Build | Farm |
| 20:24 | Build | Farm |
| 20:25 | Build | Farm |
| 20:26 | Create | Villager (Male) |
| 20:27 | Create | Villager (Male) |
| 20:30 | Build | House |
| 20:38 | Create | Villager (Male) |
| 20:38 | Create | Villager (Male) |
| 20:39 | Create | Villager (Male) |
| 20:39 | Create | Villager (Male) |
| 20:51 | Build | Barracks |
| 20:53 | Create | Villager (Male) |
| 20:53 | Create | Villager (Male) |
| 20:53 | Create | Villager (Male) |
| 21:01 | Build | House |
| 21:02 | Build | House |
| 21:06 | Build | House |
| 21:15 | Build | Mill |
| 21:16 | Build | Farm |
| 21:17 | Build | Farm |
| 21:17 | Build | Farm |
| 21:17 | Build | Farm |
| 21:17 | Build | Farm |
| 21:18 | Build | Farm |
| 21:18 | Build | Farm |
| 21:18 | Build | Farm |
| 21:19 | Build | Farm |
| 21:19 | Build | Farm |
| 21:20 | Build | Farm |
| 21:20 | Build | Farm |
| 21:20 | Build | Farm |
Build order — Builder
First 150 of 260 actions detected
| 0:01 | Create | Villager (Male) ×4 |
| 0:03 | Build | House |
| 0:04 | Build | House |
| 1:34 | Create | Villager (Male) |
| 1:34 | Create | Villager (Male) |
| 1:49 | Build | Lumber Camp |
| 1:51 | Create | Villager (Male) |
| 1:51 | Create | Villager (Male) |
| 2:22 | Create | Villager (Male) |
| 2:22 | Create | Villager (Male) |
| 2:52 | Create | Villager (Male) |
| 2:53 | Create | Villager (Male) |
| 2:53 | Create | Villager (Male) |
| 3:22 | Create | Villager (Male) |
| 3:22 | Create | Villager (Male) |
| 3:55 | Create | Villager (Male) |
| 3:55 | Create | Villager (Male) |
| 4:18 | Build | House |
| 4:25 | Create | Villager (Male) |
| 4:41 | Build | Mill |
| 5:23 | Create | Villager (Male) |
| 5:24 | Create | Villager (Male) |
| 5:56 | Create | Villager (Male) |
| 5:57 | Create | Villager (Male) |
| 6:38 | Create | Villager (Male) |
| 6:55 | Create | Villager (Male) |
| 7:15 | Build | Mill |
| 7:30 | Create | Villager (Male) |
| 7:37 | Build | House |
| 7:51 | Create | Villager (Male) |
| 8:17 | Create | Villager (Male) |
| 8:40 | Create | Villager (Male) |
| 8:54 | Build | Mining Camp |
| 8:58 | Build | Mining Camp |
| 9:05 | Research | Feudal Age |
| 10:57 | Create | Villager (Male) |
| 11:27 | Age | Feudal Age |
| 11:29 | Build | Blacksmith |
| 11:32 | Research | Wheelbarrow |
| 11:50 | Build | Market |
| 12:22 | Create | Villager (Male) |
| 12:25 | Build | House |
| 12:57 | Research | Castle Age |
| 13:07 | Research | Double-Bit Axe |
| 13:15 | Build | Outpost |
| 13:18 | Build | Farm |
| 13:30 | Build | Farm |
| 13:40 | Build | Farm |
| 13:44 | Build | Farm |
| 14:12 | Build | Barracks |
| 14:33 | Create | Villager (Male) |
| 14:37 | Build | Mining Camp |
| 14:59 | Build | House |
| 15:00 | Build | House |
| 15:34 | Create | Villager (Male) |
| 15:39 | Age | Castle Age |
| 15:39 | Build | House |
| 15:47 | Build | Town Center |
| 16:07 | Build | Archery Range |
| 16:12 | Create | Villager (Male) |
| 16:32 | Build | Farm |
| 16:41 | Create | Villager (Male) |
| 16:58 | Research | Bow Saw |
| 17:00 | Create | Villager (Male) |
| 17:08 | Build | Farm |
| 17:15 | Build | Farm |
| 17:25 | Build | Farm |
| 17:27 | Build | Farm |
| 17:29 | Create | Villager (Male) |
| 17:55 | Build | Farm |
| 18:02 | Create | Villager (Male) |
| 18:08 | Build | Farm |
| 18:10 | Create | Villager (Male) |
| 18:15 | Build | Farm |
| 18:22 | Create | Villager (Male) |
| 18:27 | Build | Farm |
| 18:37 | Build | Farm |
| 18:40 | Create | Villager (Male) |
| 18:40 | Create | Villager (Male) |
| 18:54 | Create | Villager (Male) |
| 18:55 | Create | Villager (Male) |
| 18:59 | Build | Farm |
| 19:01 | Create | Villager (Male) |
| 19:11 | Create | Villager (Male) |
| 19:21 | Build | Farm |
| 19:23 | Create | Villager (Male) |
| 19:28 | Build | Lumber Camp |
| 19:37 | Create | Villager (Male) |
| 19:53 | Create | Villager (Male) |
| 19:54 | Create | Villager (Male) |
| 19:57 | Create | Villager (Male) |
| 19:57 | Create | Villager (Male) |
| 19:59 | Build | Farm |
| 20:11 | Build | Farm |
| 20:13 | Create | Villager (Male) |
| 20:15 | Create | Villager (Male) |
| 20:28 | Create | Villager (Male) |
| 20:42 | Build | Town Center |
| 20:48 | Build | House |
| 20:52 | Create | Villager (Male) ×3 |
| 20:57 | Build | Farm |
| 21:00 | Build | Farm |
| 21:11 | Create | Villager (Male) ×3 |
| 21:13 | Build | Farm |
| 21:19 | Research | Horse Collar |
| 21:23 | Build | Farm |
| 21:25 | Create | Elephant Archer |
| 21:41 | Create | Villager (Male) ×5 |
| 21:50 | Build | Farm |
| 21:55 | Build | Farm |
| 21:56 | Create | Villager (Male) ×3 |
| 22:05 | Build | House |
| 22:06 | Build | House |
| 22:06 | Build | House |
| 22:07 | Build | House |
| 22:08 | Create | Villager (Male) ×4 |
| 22:22 | Build | Farm |
| 22:25 | Build | Farm |
| 22:27 | Build | Farm |
| 22:31 | Create | Villager (Male) ×3 |
| 22:40 | Build | Farm |
| 22:43 | Build | House |
| 22:44 | Build | House |
| 22:51 | Build | Farm |
| 22:59 | Build | Farm |
| 23:06 | Create | Villager (Male) ×5 |
| 23:12 | Build | Farm |
| 23:15 | Create | Elephant Archer |
| 23:20 | Build | Farm |
| 23:27 | Build | Mill |
| 23:31 | Build | Farm |
| 23:50 | Build | Farm |
| 23:54 | Create | Villager (Male) ×5 |
| 24:08 | Build | Farm |
| 24:14 | Build | Farm |
| 24:53 | Build | Monastery |
| 24:54 | Create | Villager (Male) |
| 24:54 | Create | Villager (Male) |
| 24:55 | Create | Villager (Male) |
| 24:55 | Create | Villager (Male) |
| 24:56 | Create | Villager (Male) |
| 24:57 | Research | Hand Cart |
| 25:03 | Build | University |
| 25:08 | Create | Villager (Male) ×5 |
| 25:19 | Build | Farm |
| 25:21 | Create | Elephant Archer |
| 25:23 | Research | Fletching |
| 26:02 | Research | Imperial Age |
| 26:13 | Build | Archery Range |
| 26:29 | Create | Villager (Male) |
Build order — 生米成熟饭
First 150 of 406 actions detected
| 0:03 | Build | House |
| 0:04 | Create | Villager (Male) |
| 0:04 | Create | Villager (Male) |
| 0:05 | Create | Villager (Male) |
| 0:05 | Create | Villager (Male) |
| 1:05 | Create | Villager (Male) |
| 1:05 | Create | Villager (Male) |
| 1:35 | Create | Villager (Male) |
| 1:35 | Create | Villager (Male) |
| 1:50 | Build | House |
| 1:51 | Build | House |
| 1:51 | Build | House |
| 1:54 | Create | Villager (Male) |
| 1:54 | Create | Villager (Male) |
| 2:23 | Create | Villager (Male) |
| 2:23 | Create | Villager (Male) |
| 2:59 | Create | Villager (Male) |
| 2:59 | Create | Villager (Male) |
| 2:59 | Create | Villager (Male) |
| 3:38 | Create | Villager (Male) |
| 4:46 | Build | Lumber Camp |
| 4:52 | Create | Villager (Male) |
| 4:53 | Create | Villager (Male) |
| 4:53 | Create | Villager (Male) |
| 5:28 | Create | Villager (Male) |
| 5:31 | Create | Villager (Male) |
| 5:35 | Create | Villager (Male) |
| 5:36 | Create | Villager (Male) |
| 5:42 | Create | Villager (Male) |
| 6:30 | Create | Villager (Male) |
| 6:35 | Create | Villager (Male) |
| 6:54 | Create | Villager (Male) |
| 7:11 | Build | Mill |
| 7:19 | Create | Villager (Male) |
| 7:23 | Create | Villager (Male) |
| 7:30 | Create | Villager (Male) |
| 7:49 | Create | Villager (Male) |
| 7:53 | Create | Villager (Male) |
| 8:00 | Create | Villager (Male) |
| 8:25 | Create | Villager (Male) |
| 8:40 | Build | Mill |
| 8:44 | Build | Mining Camp |
| 8:48 | Create | Villager (Male) |
| 8:59 | Research | Feudal Age |
| 8:59 | Research | Feudal Age |
| 9:04 | Create | Villager (Male) |
| 9:11 | Build | House |
| 9:17 | Create | Villager (Male) |
| 9:25 | Create | Villager (Male) |
| 9:39 | Create | Villager (Male) |
| 10:35 | Create | Villager (Male) |
| 10:50 | Create | Villager (Male) |
| 10:58 | Create | Villager (Male) |
| 11:06 | Create | Villager (Male) |
| 11:13 | Age | Feudal Age |
| 11:19 | Build | Blacksmith |
| 11:24 | Build | Market |
| 11:28 | Create | Villager (Male) |
| 12:23 | Research | Castle Age |
| 12:24 | Research | Castle Age |
| 12:51 | Create | Villager (Male) |
| 13:01 | Research | Horse Collar |
| 13:17 | Research | Double-Bit Axe |
| 13:17 | Research | Double-Bit Axe |
| 13:41 | Build | Farm |
| 13:42 | Build | Farm |
| 13:44 | Build | Farm |
| 13:45 | Build | Farm |
| 13:46 | Build | Farm |
| 13:47 | Build | Farm |
| 13:55 | Build | Farm |
| 14:01 | Build | Farm |
| 14:09 | Build | House |
| 14:23 | Create | Villager (Male) |
| 14:30 | Build | Farm |
| 14:31 | Build | Farm |
| 14:35 | Create | Villager (Male) |
| 14:47 | Build | House |
| 14:48 | Build | House |
| 14:53 | Create | Villager (Male) |
| 15:03 | Age | Castle Age |
| 15:15 | Build | Town Center |
| 15:17 | Create | Villager (Male) |
| 15:41 | Research | Bow Saw |
| 15:47 | Create | Villager (Male) |
| 15:54 | Build | House |
| 16:40 | Create | Villager (Male) |
| 16:45 | Create | Villager (Male) |
| 16:54 | Create | Villager (Male) |
| 17:11 | Build | Town Center |
| 17:15 | Create | Villager (Male) |
| 17:18 | Create | Villager (Male) |
| 17:24 | Research | Heavy Plow |
| 17:28 | Create | Villager (Male) |
| 17:29 | Create | Villager (Male) |
| 17:42 | Create | Villager (Male) |
| 17:59 | Create | Villager (Male) |
| 18:06 | Build | Farm |
| 18:12 | Build | Farm |
| 18:13 | Build | Farm |
| 18:14 | Build | Farm |
| 18:16 | Build | Farm |
| 18:17 | Build | Farm |
| 18:20 | Create | Villager (Male) |
| 18:21 | Create | Villager (Male) |
| 18:26 | Create | Villager (Male) |
| 18:38 | Create | Villager (Male) |
| 18:42 | Create | Villager (Male) |
| 18:43 | Create | Villager (Male) |
| 18:44 | Create | Villager (Male) |
| 18:54 | Build | Town Center |
| 19:00 | Create | Villager (Male) |
| 19:01 | Create | Villager (Male) |
| 19:02 | Create | Villager (Male) |
| 19:10 | Build | Farm |
| 19:15 | Create | Villager (Male) |
| 19:21 | Create | Villager (Male) |
| 19:27 | Build | Farm |
| 19:28 | Build | Farm |
| 19:29 | Build | Farm |
| 19:34 | Build | Farm |
| 19:43 | Build | Farm |
| 19:46 | Create | Villager (Male) |
| 19:47 | Create | Villager (Male) |
| 19:48 | Create | Villager (Male) |
| 20:12 | Build | Farm |
| 20:16 | Create | Villager (Male) |
| 20:17 | Create | Villager (Male) |
| 20:18 | Create | Villager (Male) |
| 20:22 | Build | Farm |
| 20:23 | Build | Farm |
| 20:31 | Build | Farm |
| 20:32 | Build | Farm |
| 20:38 | Build | House |
| 20:39 | Build | House |
| 20:40 | Build | House |
| 20:45 | Create | Villager (Male) |
| 20:46 | Create | Villager (Male) |
| 20:47 | Create | Villager (Male) |
| 20:50 | Create | Villager (Male) |
| 20:51 | Create | Villager (Male) |
| 20:54 | Research | Wheelbarrow |
| 21:00 | Build | Farm |
| 21:02 | Build | Farm |
| 21:13 | Create | Villager (Male) |
| 21:14 | Create | Villager (Male) |
| 21:32 | Build | Farm |
| 21:34 | Create | Villager (Male) |
| 21:35 | Create | Villager (Male) |
| 21:41 | Build | Lumber Camp |
Build order — PeacefulFarmer
First 150 of 388 actions detected
| 0:00 | Create | Villager (Male) |
| 0:00 | Create | Villager (Male) |
| 0:00 | Create | Villager (Male) |
| 0:00 | Create | Villager (Male) |
| 0:00 | Create | Villager (Male) |
| 0:00 | Create | Villager (Male) |
| 0:01 | Create | Villager (Male) |
| 0:01 | Create | Villager (Male) |
| 0:01 | Create | Villager (Male) |
| 0:03 | Build | House |
| 0:04 | Build | House |
| 1:18 | Create | Villager (Male) |
| 1:18 | Create | Villager (Male) |
| 1:19 | Create | Villager (Male) |
| 1:19 | Create | Villager (Male) |
| 1:46 | Create | Villager (Male) |
| 1:46 | Create | Villager (Male) |
| 1:46 | Create | Villager (Male) |
| 1:53 | Build | Lumber Camp |
| 2:29 | Create | Villager (Male) |
| 2:29 | Create | Villager (Male) |
| 2:29 | Create | Villager (Male) |
| 2:30 | Create | Villager (Male) |
| 2:30 | Create | Villager (Male) |
| 2:30 | Create | Villager (Male) |
| 2:30 | Create | Villager (Male) |
| 2:30 | Create | Villager (Male) |
| 2:42 | Create | Villager (Male) |
| 2:42 | Create | Villager (Male) |
| 2:42 | Create | Villager (Male) |
| 2:42 | Create | Villager (Male) |
| 2:42 | Create | Villager (Male) |
| 2:42 | Create | Villager (Male) |
| 3:12 | Create | Villager (Male) |
| 3:12 | Create | Villager (Male) |
| 3:12 | Create | Villager (Male) |
| 3:12 | Create | Villager (Male) |
| 3:12 | Create | Villager (Male) |
| 3:12 | Create | Villager (Male) |
| 3:18 | Create | Villager (Male) |
| 3:18 | Create | Villager (Male) |
| 3:18 | Create | Villager (Male) |
| 3:18 | Create | Villager (Male) |
| 3:18 | Create | Villager (Male) |
| 3:18 | Create | Villager (Male) |
| 3:41 | Create | Villager (Male) |
| 4:14 | Build | House |
| 4:24 | Create | Villager (Male) |
| 4:46 | Build | Mill |
| 4:57 | Build | House |
| 4:59 | Build | Palisade Wall |
| 5:01 | Build | Palisade Wall |
| 5:04 | Create | Villager (Male) |
| 5:17 | Create | Villager (Male) |
| 5:22 | Build | Palisade Wall |
| 5:23 | Build | Palisade Wall |
| 5:23 | Build | Palisade Wall |
| 5:28 | Build | Palisade Wall |
| 5:30 | Build | Palisade Wall |
| 5:30 | Build | Palisade Wall |
| 5:31 | Build | Palisade Wall |
| 5:32 | Build | Palisade Wall |
| 5:34 | Create | Villager (Male) |
| 5:56 | Build | Palisade Gate |
| 6:08 | Build | Palisade Wall |
| 6:09 | Create | Villager (Male) |
| 6:38 | Build | Palisade Wall |
| 6:41 | Create | Villager (Male) |
| 7:11 | Research | Loom |
| 7:30 | Research | Feudal Age |
| 8:03 | Build | Barracks |
| 8:38 | Build | Mining Camp |
| 9:24 | Create | Villager (Male) |
| 9:32 | Create | Militia |
| 9:46 | Age | Feudal Age |
| 9:51 | Research | Town Watch |
| 9:52 | Research | Double-Bit Axe |
| 9:56 | Build | Outpost |
| 10:09 | Create | Militia |
| 10:21 | Build | Watch Tower |
| 10:29 | Create | Militia |
| 10:33 | Create | Villager (Male) |
| 10:35 | Build | House |
| 10:40 | Build | Palisade Wall |
| 10:42 | Build | Palisade Wall |
| 10:58 | Build | Blacksmith |
| 10:59 | Create | Villager (Male) |
| 11:10 | Create | Spearman |
| 11:32 | Build | Mining Camp |
| 11:56 | Create | Villager (Male) |
| 12:13 | Build | House |
| 12:15 | Build | House |
| 12:20 | Research | Wheelbarrow |
| 12:41 | Research | Arson |
| 12:52 | Create | Spearman |
| 13:22 | Create | Villager (Male) |
| 13:29 | Build | Palisade Wall |
| 13:49 | Research | Horse Collar |
| 13:51 | Build | Farm |
| 13:54 | Build | Farm |
| 13:57 | Build | Farm |
| 13:58 | Build | Farm |
| 14:03 | Create | Villager (Male) |
| 14:05 | Build | Farm |
| 14:14 | Create | Villager (Male) |
| 14:31 | Build | Palisade Wall |
| 14:32 | Build | Palisade Wall |
| 14:33 | Build | Palisade Wall |
| 14:37 | Build | Palisade Gate |
| 14:55 | Create | Villager (Male) |
| 15:14 | Create | Villager (Male) |
| 15:17 | Build | Farm |
| 15:42 | Build | Farm |
| 15:46 | Build | Farm |
| 15:47 | Create | Villager (Male) |
| 15:58 | Create | Villager (Male) |
| 16:11 | Create | Villager (Male) |
| 16:13 | Build | House |
| 16:15 | Build | Farm |
| 16:18 | Build | Market |
| 16:21 | Build | Farm |
| 16:30 | Build | House |
| 16:47 | Build | Farm |
| 16:52 | Build | Farm |
| 16:54 | Build | Farm |
| 16:58 | Create | Villager (Male) |
| 17:08 | Build | Outpost |
| 17:14 | Create | Villager (Male) |
| 17:19 | Build | Farm |
| 17:38 | Build | Outpost |
| 17:43 | Build | Farm |
| 17:45 | Create | Villager (Male) |
| 17:52 | Build | Farm |
| 18:19 | Create | Villager (Male) |
| 18:27 | Build | Mining Camp |
| 18:53 | Research | Castle Age |
| 19:08 | Build | Lumber Camp |
| 19:47 | Build | Archery Range |
| 19:52 | Research | Gold Mining |
| 19:54 | Research | Stone Mining |
| 20:11 | Build | House |
| 20:12 | Build | House |
| 20:13 | Build | House |
| 20:36 | Research | Fletching |
| 21:12 | Research | Scale Mail Armor |
| 21:18 | Build | Archery Range |
| 21:21 | Build | Archery Range |
| 21:27 | Create | Villager (Male) |
| 21:33 | Age | Castle Age |
| 21:39 | Research | Bodkin Arrow |
Build order — [Fx、]AirWy
First 150 of 285 actions detected
| 0:00 | Create | Villager (Male) |
| 0:02 | Build | House |
| 0:03 | Build | House |
| 0:04 | Create | Villager (Male) |
| 0:04 | Create | Villager (Male) |
| 0:04 | Create | Villager (Male) |
| 0:04 | Create | Villager (Male) |
| 1:17 | Create | Villager (Male) |
| 1:17 | Create | Villager (Male) |
| 1:36 | Create | Villager (Male) |
| 1:36 | Create | Villager (Male) |
| 2:09 | Build | Lumber Camp |
| 2:10 | Create | Villager (Male) |
| 2:10 | Create | Villager (Male) |
| 2:10 | Create | Villager (Male) |
| 2:29 | Create | Villager (Male) |
| 2:29 | Create | Villager (Male) |
| 2:56 | Create | Villager (Male) |
| 2:56 | Create | Villager (Male) |
| 2:56 | Create | Villager (Male) |
| 3:55 | Build | House |
| 3:58 | Build | House |
| 3:58 | Build | House |
| 4:03 | Create | Villager (Male) |
| 4:03 | Create | Villager (Male) |
| 4:04 | Create | Villager (Male) |
| 4:04 | Create | Villager (Male) |
| 4:04 | Create | Villager (Male) |
| 4:51 | Create | Villager (Male) |
| 4:51 | Create | Villager (Male) |
| 5:20 | Create | Villager (Male) |
| 5:20 | Create | Villager (Male) |
| 5:20 | Create | Villager (Male) |
| 6:23 | Build | Mill |
| 6:30 | Create | Villager (Male) |
| 6:30 | Create | Villager (Male) |
| 7:31 | Build | Mining Camp |
| 7:46 | Create | Villager (Male) |
| 8:23 | Research | Feudal Age |
| 8:23 | Research | Feudal Age |
| 8:29 | Build | Mining Camp |
| 9:01 | Create | Villager (Male) |
| 9:01 | Create | Villager (Male) |
| 9:02 | Create | Villager (Male) |
| 10:33 | Age | Feudal Age |
| 10:47 | Build | Market |
| 11:01 | Build | Blacksmith |
| 11:40 | Build | Barracks |
| 12:02 | Research | Castle Age |
| 12:02 | Research | Castle Age |
| 12:23 | Build | House |
| 12:31 | Build | House |
| 12:35 | Build | House |
| 12:37 | Build | House |
| 13:02 | Build | House |
| 13:03 | Build | House |
| 13:05 | Build | House |
| 13:36 | Research | Double-Bit Axe |
| 13:36 | Research | Double-Bit Axe |
| 13:40 | Research | Horse Collar |
| 13:41 | Research | Horse Collar |
| 14:17 | Build | Farm |
| 14:18 | Build | Farm |
| 14:22 | Build | Farm |
| 14:42 | Age | Castle Age |
| 15:07 | Build | Castle |
| 15:14 | Create | Villager (Male) |
| 15:16 | Research | Loom |
| 15:16 | Research | Loom |
| 15:20 | Research | Fletching |
| 15:21 | Research | Fletching |
| 15:35 | Create | Villager (Male) |
| 15:48 | Create | Villager (Male) |
| 16:00 | Build | Farm |
| 16:03 | Build | Farm |
| 16:15 | Create | Longbowman |
| 16:16 | Create | Longbowman |
| 16:16 | Create | Longbowman |
| 16:48 | Create | Longbowman |
| 17:06 | Create | Villager (Male) |
| 17:14 | Create | Villager (Male) |
| 17:14 | Create | Villager (Male) |
| 17:14 | Create | Villager (Male) |
| 17:14 | Create | Villager (Male) |
| 17:15 | Create | Villager (Male) |
| 17:25 | Build | Farm |
| 17:29 | Create | Longbowman |
| 17:40 | Build | Farm |
| 17:44 | Create | Longbowman |
| 17:44 | Create | Longbowman |
| 18:06 | Create | Longbowman |
| 18:22 | Create | Longbowman |
| 18:35 | Create | Villager (Male) |
| 18:37 | Create | Longbowman |
| 18:54 | Create | Longbowman |
| 18:55 | Create | Villager (Male) |
| 19:16 | Create | Longbowman |
| 19:18 | Create | Villager (Male) |
| 19:27 | Research | Padded Archer Armor |
| 19:52 | Build | Town Center |
| 19:54 | Create | Villager (Male) |
| 19:56 | Create | Longbowman |
| 20:02 | Create | Villager (Male) |
| 20:05 | Build | Farm |
| 20:08 | Create | Longbowman |
| 20:22 | Create | Longbowman |
| 20:33 | Create | Longbowman |
| 20:35 | Create | Villager (Male) |
| 20:41 | Research | Gold Mining |
| 20:54 | Build | Farm |
| 20:55 | Build | Farm |
| 21:07 | Create | Longbowman |
| 21:22 | Create | Villager (Male) |
| 21:23 | Create | Villager (Male) |
| 21:29 | Build | Farm |
| 21:31 | Build | Farm |
| 21:36 | Create | Longbowman |
| 21:40 | Create | Longbowman |
| 21:43 | Create | Villager (Male) |
| 21:44 | Create | Villager (Male) |
| 21:47 | Build | Farm |
| 21:52 | Build | Farm |
| 21:59 | Build | Farm |
| 22:11 | Create | Longbowman |
| 22:13 | Create | Villager (Male) |
| 22:15 | Create | Villager (Male) |
| 22:21 | Create | Longbowman |
| 22:44 | Create | Villager (Male) |
| 22:45 | Create | Villager (Male) |
| 23:21 | Research | Bodkin Arrow |
| 23:46 | Create | Villager (Male) |
| 23:47 | Create | Villager (Male) |
| 23:59 | Build | University |
| 24:09 | Create | Villager (Male) |
| 24:10 | Create | Villager (Male) |
| 24:10 | Create | Villager (Male) |
| 24:30 | Build | Castle |
| 24:38 | Create | Villager (Male) |
| 24:39 | Create | Villager (Male) |
| 24:40 | Create | Villager (Male) |
| 24:43 | Build | Farm |
| 24:50 | Create | Longbowman |
| 24:57 | Create | Longbowman |
| 25:06 | Research | Ballistics |
| 25:07 | Research | Ballistics |
| 25:30 | Build | Castle |
| 25:35 | Create | Longbowman ×5 |
| 25:36 | Create | Longbowman ×5 |
| 25:36 | Create | Longbowman ×5 |
| 25:36 | Create | Longbowman ×5 |
Build order — 卑牧之
First 150 of 460 actions detected
| 0:01 | Create | Villager (Male) |
| 0:01 | Create | Villager (Male) |
| 0:01 | Create | Villager (Male) |
| 0:01 | Create | Villager (Male) |
| 0:03 | Build | House |
| 0:04 | Build | House |
| 1:37 | Create | Villager (Male) |
| 1:37 | Create | Villager (Male) |
| 1:49 | Build | Lumber Camp |
| 1:51 | Create | Villager (Male) |
| 1:51 | Create | Villager (Male) |
| 2:19 | Create | Villager (Male) |
| 2:20 | Create | Villager (Male) |
| 2:53 | Create | Villager (Male) |
| 2:53 | Create | Villager (Male) |
| 2:59 | Build | House |
| 3:00 | Build | House |
| 3:18 | Create | Villager (Male) |
| 3:36 | Create | Villager (Male) |
| 4:12 | Create | Villager (Male) |
| 4:12 | Create | Villager (Male) |
| 4:12 | Create | Villager (Male) |
| 4:40 | Build | Mill |
| 4:52 | Create | Villager (Male) |
| 4:52 | Create | Villager (Male) |
| 5:19 | Create | Villager (Male) |
| 5:19 | Create | Villager (Male) |
| 6:02 | Create | Villager (Male) |
| 6:30 | Build | Mining Camp |
| 6:32 | Create | Villager (Male) |
| 6:48 | Create | Villager (Male) |
| 7:18 | Build | Mill |
| 7:21 | Create | Villager (Male) |
| 7:49 | Create | Villager (Male) |
| 8:03 | Create | Villager (Male) |
| 8:42 | Research | Feudal Age |
| 8:42 | Research | Feudal Age |
| 10:16 | Build | House |
| 10:32 | Create | Villager (Male) |
| 10:57 | Age | Feudal Age |
| 11:05 | Build | Market |
| 11:19 | Build | Blacksmith |
| 11:21 | Create | Villager (Male) |
| 11:27 | Build | Farm |
| 11:31 | Build | Farm |
| 11:33 | Build | Farm |
| 11:55 | Research | Castle Age |
| 11:55 | Research | Castle Age |
| 12:01 | Research | Double-Bit Axe |
| 12:01 | Research | Double-Bit Axe |
| 12:12 | Build | Farm |
| 12:23 | Build | House |
| 12:27 | Build | House |
| 13:00 | Build | Barracks |
| 13:23 | Create | Villager (Male) |
| 14:19 | Build | House |
| 14:19 | Create | Spearman |
| 14:35 | Age | Castle Age |
| 14:37 | Create | Villager (Male) |
| 14:39 | Research | Bow Saw |
| 14:39 | Research | Bow Saw |
| 14:47 | Build | Monastery |
| 14:55 | Create | Villager (Male) |
| 15:07 | Build | Town Center |
| 15:10 | Create | Villager (Male) |
| 15:18 | Build | Farm |
| 15:31 | Create | Villager (Male) |
| 15:59 | Build | Stable |
| 16:03 | Create | Monk |
| 16:09 | Create | Villager (Male) |
| 16:18 | Build | Town Center |
| 16:21 | Build | Farm |
| 16:30 | Build | Farm |
| 16:36 | Build | Farm |
| 16:42 | Create | Scout Cavalry |
| 16:50 | Build | Farm |
| 16:51 | Create | Villager (Male) |
| 17:01 | Create | Villager (Male) |
| 17:03 | Build | Farm |
| 17:16 | Create | Villager (Male) |
| 17:17 | Create | Villager (Male) |
| 17:19 | Build | Farm |
| 17:21 | Build | Farm |
| 17:22 | Create | Villager (Male) |
| 17:37 | Create | Villager (Male) |
| 17:37 | Create | Villager (Male) |
| 17:42 | Create | Villager (Male) |
| 17:44 | Build | Farm |
| 17:46 | Build | Farm |
| 17:49 | Build | Farm |
| 17:50 | Create | Villager (Male) |
| 18:00 | Build | Farm |
| 18:07 | Create | Villager (Male) |
| 18:13 | Build | Farm |
| 18:16 | Build | Farm |
| 18:17 | Create | Villager (Male) |
| 18:26 | Research | Loom |
| 18:28 | Build | Farm |
| 18:29 | Create | Villager (Male) |
| 18:57 | Create | Villager (Male) |
| 18:57 | Create | Villager (Male) |
| 18:59 | Create | Monk |
| 19:02 | Create | Villager (Male) |
| 19:04 | Build | Farm |
| 19:08 | Build | Farm |
| 19:11 | Build | Farm |
| 19:13 | Create | Villager (Male) |
| 19:13 | Create | Villager (Male) |
| 19:16 | Build | Farm |
| 19:17 | Build | Farm |
| 19:26 | Build | Farm |
| 19:27 | Create | Villager (Male) |
| 19:30 | Build | House |
| 19:31 | Build | House |
| 19:35 | Build | House |
| 19:36 | Build | House |
| 19:38 | Create | Villager (Male) |
| 19:46 | Research | Wheelbarrow |
| 19:46 | Research | Wheelbarrow |
| 19:51 | Build | Farm |
| 19:52 | Create | Villager (Male) |
| 19:56 | Research | Town Watch |
| 19:57 | Research | Town Watch |
| 20:10 | Create | Villager (Male) |
| 20:18 | Create | Monk |
| 20:19 | Create | Villager (Male) |
| 20:20 | Create | Villager (Male) |
| 20:26 | Build | House |
| 20:27 | Build | House |
| 20:28 | Build | House |
| 20:29 | Create | Villager (Male) |
| 20:34 | Create | Villager (Male) |
| 20:39 | Build | Farm |
| 20:41 | Create | Villager (Male) |
| 20:46 | Create | Villager (Male) |
| 20:59 | Create | Villager (Male) |
| 21:00 | Create | Villager (Male) |
| 21:12 | Build | Farm |
| 21:13 | Create | Villager (Male) |
| 21:20 | Create | Villager (Male) |
| 21:24 | Build | Farm |
| 21:26 | Build | Farm |
| 21:30 | Build | Farm |
| 21:32 | Create | Villager (Male) |
| 21:44 | Create | Villager (Male) |
| 21:45 | Create | Villager (Male) |
| 21:45 | Create | Villager (Male) |
| 21:48 | Build | Farm |
| 22:02 | Build | Town Center |
| 22:05 | Create | Villager (Male) |
Build order — [Fx、]AirDk
First 150 of 385 actions detected
| 0:04 | Create | Villager (Male) |
| 0:04 | Create | Villager (Male) |
| 0:04 | Create | Villager (Male) |
| 0:05 | Build | House |
| 0:06 | Build | House |
| 0:15 | Create | Villager (Male) |
| 1:27 | Create | Villager (Male) |
| 1:50 | Build | Lumber Camp |
| 1:55 | Create | Villager (Male) |
| 2:25 | Create | Villager (Male) |
| 2:57 | Create | Villager (Male) |
| 3:09 | Create | Villager (Male) |
| 3:30 | Build | House |
| 3:36 | Create | Villager (Male) |
| 4:06 | Create | Villager (Male) |
| 4:07 | Create | Villager (Male) |
| 4:17 | Build | House |
| 4:27 | Build | Mill |
| 4:34 | Create | Villager (Male) |
| 4:34 | Create | Villager (Male) |
| 5:06 | Create | Villager (Male) |
| 5:06 | Create | Villager (Male) |
| 5:52 | Build | Mill |
| 5:56 | Create | Villager (Male) |
| 6:23 | Create | Villager (Male) |
| 6:43 | Create | Villager (Male) |
| 7:02 | Build | Farm |
| 7:29 | Create | Villager (Male) |
| 7:30 | Create | Villager (Male) |
| 7:32 | Build | Farm |
| 8:19 | Research | Feudal Age |
| 8:19 | Research | Feudal Age |
| 9:48 | Create | Villager (Male) |
| 9:48 | Create | Villager (Male) |
| 10:29 | Age | Feudal Age |
| 10:35 | Build | Market |
| 10:40 | Build | Blacksmith |
| 11:31 | Research | Castle Age |
| 11:31 | Research | Castle Age |
| 11:41 | Build | House |
| 11:50 | Build | House |
| 11:55 | Build | House |
| 12:01 | Research | Double-Bit Axe |
| 12:02 | Research | Double-Bit Axe |
| 12:06 | Research | Horse Collar |
| 12:06 | Research | Horse Collar |
| 12:54 | Build | House |
| 13:23 | Build | House |
| 13:25 | Create | Villager (Male) |
| 14:00 | Build | House |
| 14:11 | Age | Castle Age |
| 14:14 | Build | Town Center |
| 14:23 | Build | Town Center |
| 14:30 | Build | House |
| 14:32 | Research | Bow Saw |
| 14:32 | Research | Bow Saw |
| 14:35 | Research | Heavy Plow |
| 14:35 | Research | Heavy Plow |
| 14:42 | Research | Wheelbarrow |
| 14:43 | Research | Wheelbarrow |
| 15:01 | Build | Farm |
| 15:04 | Build | Farm |
| 15:16 | Build | House |
| 15:27 | Build | Farm |
| 15:33 | Create | Villager (Male) |
| 15:38 | Build | Farm |
| 15:45 | Create | Villager (Male) |
| 15:54 | Build | Farm |
| 16:05 | Build | House |
| 16:18 | Create | Villager (Male) |
| 16:27 | Build | Farm |
| 16:43 | Build | House |
| 16:46 | Build | Farm |
| 16:47 | Create | Villager (Male) |
| 16:54 | Build | Farm |
| 16:57 | Build | Farm |
| 16:58 | Create | Villager (Male) |
| 17:05 | Build | Farm |
| 17:09 | Build | House |
| 17:22 | Create | Villager (Male) |
| 17:33 | Create | Villager (Male) |
| 17:44 | Build | Town Center |
| 17:50 | Create | Villager (Male) |
| 17:51 | Build | Farm |
| 18:01 | Build | Gate |
| 18:02 | Build | Stone Wall |
| 18:03 | Create | Villager (Male) |
| 18:05 | Create | Villager (Male) |
| 18:09 | Build | Farm |
| 18:18 | Build | Farm |
| 18:24 | Create | Villager (Male) |
| 18:31 | Create | Villager (Male) |
| 18:31 | Create | Villager (Male) |
| 18:35 | Build | Farm |
| 18:42 | Create | Villager (Male) |
| 18:52 | Build | Farm |
| 18:58 | Build | Farm |
| 19:01 | Build | Farm |
| 19:05 | Create | Villager (Male) |
| 19:05 | Create | Villager (Male) |
| 19:08 | Create | Villager (Male) |
| 19:13 | Build | Farm |
| 19:14 | Create | Villager (Male) |
| 19:29 | Build | Farm |
| 19:29 | Build | Farm |
| 19:30 | Build | Farm |
| 19:39 | Build | House |
| 19:40 | Create | Villager (Male) |
| 19:42 | Build | Farm |
| 19:43 | Create | Villager (Male) |
| 19:46 | Create | Villager (Male) |
| 19:51 | Build | Farm |
| 19:52 | Create | Villager (Male) |
| 19:55 | Build | Farm |
| 19:58 | Build | Farm |
| 20:00 | Build | Farm |
| 20:02 | Create | Villager (Male) |
| 20:11 | Build | Farm |
| 20:13 | Create | Villager (Male) |
| 20:14 | Create | Villager (Male) |
| 20:18 | Build | House |
| 20:20 | Create | Villager (Male) |
| 20:23 | Create | Villager (Male) |
| 20:23 | Create | Villager (Male) |
| 20:30 | Create | Villager (Male) |
| 20:32 | Build | Farm |
| 20:38 | Build | Farm |
| 20:39 | Create | Villager (Male) |
| 20:50 | Build | House |
| 20:56 | Create | Villager (Male) |
| 20:57 | Create | Villager (Male) |
| 21:07 | Build | Monastery |
| 21:08 | Build | House |
| 21:10 | Create | Villager (Male) |
| 21:10 | Create | Villager (Male) |
| 21:13 | Create | Villager (Male) |
| 21:13 | Create | Villager (Male) |
| 21:22 | Build | Farm |
| 21:27 | Build | Farm |
| 21:33 | Build | Farm |
| 21:34 | Create | Villager (Male) |
| 21:34 | Create | Villager (Male) |
| 21:34 | Create | Villager (Male) |
| 21:34 | Create | Villager (Male) |
| 21:53 | Build | Farm |
| 22:01 | Create | Villager (Male) |
| 22:04 | Create | Villager (Male) |
| 22:13 | Create | Villager (Male) |
| 22:16 | Create | Villager (Male) |
| 22:21 | Build | Farm |
Match timeline
| 4:59 | PeacefulFarmer · wall_segment Palisade Wall x1 |
| 5:01 | PeacefulFarmer · wall_segment Palisade Wall x1 |
| 5:22 | PeacefulFarmer · wall_segment Palisade Wall x1 |
| 5:23 | PeacefulFarmer · wall_segment Palisade Wall x1 |
| 5:23 | PeacefulFarmer · wall_segment Palisade Wall x1 |
| 5:28 | PeacefulFarmer · wall_segment Palisade Wall x1 |
| 5:30 | PeacefulFarmer · wall_segment Palisade Wall x2 |
| 5:30 | PeacefulFarmer · wall_segment Palisade Wall x1 |
| 5:31 | PeacefulFarmer · wall_segment Palisade Wall x1 |
| 5:32 | PeacefulFarmer · wall_segment Palisade Wall x1 |
| 6:08 | PeacefulFarmer · wall_segment Palisade Wall x1 |
| 6:38 | PeacefulFarmer · wall_segment Palisade Wall x1 |
| 8:03 | PeacefulFarmer · first_building Barracks |
| 9:40 | GERIGON · first_building Barracks |
| 9:46 | PeacefulFarmer · age_up feudal |
| 10:29 | [Fx、]AirDk · age_up feudal |
| 10:32 | GERIGON · age_up feudal |
| 10:33 | [Fx、]AirWy · age_up feudal |
| 10:35 | GERIGON · first_building Stable |
| 10:40 | PeacefulFarmer · wall_segment Palisade Wall x2 |
| 10:42 | PeacefulFarmer · wall_segment Palisade Wall x1 |
| 10:56 | [RPTea] Starscream · age_up feudal |
| 10:57 | 卑牧之 · age_up feudal |
| 11:13 | 生米成熟饭 · age_up feudal |
| 11:27 | Builder · age_up feudal |
| 11:30 | [Fx、]AirDk · first_market_sell 100 food |
| 11:40 | [Fx、]AirWy · first_building Barracks |
| 12:56 | Builder · first_market_sell 100 food |
| 13:00 | 卑牧之 · first_building Barracks |
| 13:29 | PeacefulFarmer · wall_segment Palisade Wall x5 |
| 14:11 | [Fx、]AirDk · age_up castle |
| 14:12 | Builder · first_building Barracks |
| 14:31 | PeacefulFarmer · wall_segment Palisade Wall x1 |
| 14:32 | PeacefulFarmer · wall_segment Palisade Wall x1 |
| 14:33 | PeacefulFarmer · wall_segment Palisade Wall x1 |
| 14:35 | 卑牧之 · age_up castle |
| 14:42 | [Fx、]AirWy · age_up castle |
| 14:47 | 卑牧之 · first_building Monastery |
| 14:52 | GERIGON · age_up castle |
| 14:56 | GERIGON · first_building Monastery |
| 15:03 | 生米成熟饭 · age_up castle |
| 15:07 | [Fx、]AirWy · first_building Castle |
| 15:10 | [RPTea] Starscream · age_up castle |
| 15:39 | Builder · age_up castle |
| 15:59 | 卑牧之 · first_building Stable |
| 16:07 | Builder · first_building Archery Range |
| 18:02 | [Fx、]AirDk · wall_segment Stone Wall x1 |
| 18:42 | [RPTea] Starscream · first_market_sell 100 wood |
| 18:43 | [RPTea] Starscream · first_market_buy 100 stone |
| 19:47 | PeacefulFarmer · first_building Archery Range |
| 20:51 | [RPTea] Starscream · first_building Barracks |
| 21:07 | [Fx、]AirDk · first_building Monastery |
| 21:33 | PeacefulFarmer · age_up castle |
| 21:44 | PeacefulFarmer · first_building Monastery |
| 22:38 | [RPTea] Starscream · first_building Archery Range |
| 22:48 | PeacefulFarmer · first_building Stable |
| 22:52 | 生米成熟饭 · first_building Castle |
| 23:44 | Builder · first_market_buy 100 food |
| 24:11 | PeacefulFarmer · first_building Siege Workshop |
| 24:16 | 生米成熟饭 · first_building Barracks |
| 24:35 | PeacefulFarmer · first_building Castle |
| 24:53 | [RPTea] Starscream · first_building Monastery |
| 24:53 | Builder · first_building Monastery |
| 25:12 | 卑牧之 · first_market_sell 100 food |
| 25:15 | 生米成熟饭 · first_building Stable |
| 25:20 | [Fx、]AirDk · first_building Castle |
| 25:31 | PeacefulFarmer · first_market_buy 100 stone |
| 25:45 | GERIGON · first_building Castle |
| 25:54 | 生米成熟饭 · first_market_sell 100 food |
| 26:42 | [Fx、]AirDk · first_building Siege Workshop |
| 26:51 | [RPTea] Starscream · first_building Stable |
| 27:09 | Builder · first_building Castle |
| 27:17 | [RPTea] Starscream · first_building Castle |
| 27:42 | PeacefulFarmer · wall_segment Stone Wall x1 |
| 27:48 | PeacefulFarmer · wall_segment Stone Wall x1 |
| 27:52 | [Fx、]AirDk · age_up imperial |
| 28:00 | 卑牧之 · first_building Castle |
| 28:23 | 卑牧之 · age_up imperial |
| 28:27 | PeacefulFarmer · wall_segment Stone Wall x1 |
| 29:05 | Builder · first_building Stable |
| 29:12 | Builder · age_up imperial |
| 29:18 | 生米成熟饭 · age_up imperial |
| 29:22 | PeacefulFarmer · wall_segment Stone Wall x1 |
| 29:23 | PeacefulFarmer · wall_segment Stone Wall x1 |
| 29:39 | [RPTea] Starscream · age_up imperial |
| 29:43 | GERIGON · age_up imperial |
| 29:56 | PeacefulFarmer · wall_segment Stone Wall x1 |
| 29:57 | PeacefulFarmer · wall_segment Stone Wall x1 |
| 29:58 | PeacefulFarmer · wall_segment Stone Wall x1 |
| 29:59 | PeacefulFarmer · wall_segment Stone Wall x1 |
| 30:29 | [Fx、]AirWy · first_market_sell 100 food |
| 30:33 | [Fx、]AirDk · first_market_buy 100 stone |
| 30:38 | 卑牧之 · first_building Archery Range |
| 30:39 | PeacefulFarmer · wall_segment Stone Wall x1 |
| 32:00 | [RPTea] Starscream · first_building Siege Workshop |
| 33:16 | Builder · first_building Siege Workshop |
| 33:31 | [Fx、]AirDk · first_building Barracks |
| 34:30 | [Fx、]AirDk · first_building Stable |
| 34:31 | [Fx、]AirWy · age_up imperial |
| 34:32 | [Fx、]AirDk · first_building Archery Range |
| 34:42 | 生米成熟饭 · first_building Archery Range |
| 35:12 | PeacefulFarmer · age_up imperial |
| 38:24 | GERIGON · tribute_sent a jugador 1 |
| 38:24 | GERIGON · tribute_sent a jugador 3 |
| 38:24 | GERIGON · tribute_sent a jugador 4 |
| 38:24 | GERIGON · tribute_sent a jugador 5 |
| 38:24 | GERIGON · tribute_sent a jugador 6 |
| 38:24 | GERIGON · tribute_sent a jugador 7 |
| 38:24 | GERIGON · tribute_sent a jugador 8 |
| 41:01 | 卑牧之 · first_building Siege Workshop |
| 41:08 | PeacefulFarmer · tribute_sent a jugador 1 |
| 41:08 | PeacefulFarmer · tribute_sent a jugador 2 |
| 41:08 | PeacefulFarmer · tribute_sent a jugador 3 |
| 41:08 | PeacefulFarmer · tribute_sent a jugador 4 |
| 41:08 | PeacefulFarmer · tribute_sent a jugador 6 |
| 41:08 | PeacefulFarmer · tribute_sent a jugador 7 |
| 41:08 | PeacefulFarmer · tribute_sent a jugador 8 |
| 41:12 | PeacefulFarmer · resign |
[ AI ANALYSIS · 1 CREDIT ]
What really happened in this match?
Wolo.gg analyzes every decision: build order, eco, micro, common mistakes by bracket. Personalized analysis on WhatsApp or Discord in 30 seconds.
Civ guide
Franks
Map guide
Arena
Perfil
Jugador #4635479